[Event "Late-Titled-Tuesday-Blitz-May-28-2024"]
[Site "Chess.com"]
[Date "2024.05.28"]
[Round "6"]
[White "BabageldiAnnaberdiyev"]
[Black "KorolDimitriy75"]
[Result "0-1"]
[WhiteElo "2587"]
[BlackElo "2433"]
[TimeControl "180+1"]
[EndTime "15:06:51 PDT"]
[Termination "KorolDimitriy75 won by checkmate"]

1. e4 c5 2. Nf3 d6 3. d4 cxd4 4.
Nxd4 Nf6 5. Nc3 g6 6. Be3 Bg7 7. f3 O-O 8. Qd2 Nc6 9. Bc4 Bd7 10. O-O-O Qa5 11. Kb1 Rfc8 12. Bb3 Ne5 13. Nd5 Qxd2 14. Rxd2 Nxd5 15. Bxd5 Nc4 16. Bxc4 Rxc4 17. c3 b5 18. Nc2 a5 19. a4 b4 20. cxb4 axb4 21. Na1 Bxa4 22.
Rc1 Rxc1+ 23. Kxc1 b3 24. Bd4 Bh6 25. Kd1 Bxd2 26.
Kxd2 f6 27. Bc3 Kf7 28. Ke3 e5 29. h4 Ke6 30. g4 d5 31. exd5+ Kxd5 32. g5 f5 33. f4 exf4+ 34. Kxf4 Rc8 35. Nxb3 Bxb3 36.
Bf6 Bc2 37. Ke3 Be4 38. Kf4 Rc2 39. h5 gxh5 40. Kg3 Re2 41. Kh4 Rh2+ 42. Kg3 Rh1 43. g6 hxg6 44. Kf4 h4 45. Kg5 h3 46. Kf4 Rg1 47. Bd4 h2 48. Bxg1 hxg1=Q 49. b4 Qf1+ 50.
Kg5 Qb5 51. Kf6 Qxb4 52. Kg5 Qd2+ 53. Kf6 Qe2 54. Kg5 f4 55. Kf6 f3 56. Kg7 f2 57.
Kh6 f1=Q 58. Kg7 Qf5 59. Kh7 g5+ 60. Kg7 Qg6+ 61. Kf8 Qf6+ 62. Ke8 Qe5+ 63. Kd8 Qd4 64. Kc7 Bb1 65. Kd7 Qec4 66. Ke7 Ke4 67. Kf8 Qd6+ 68. Kg7 Qcc7+ 69. Kg8 Qdd8# 0-1

[Event "Late-Titled-Tuesday-Blitz-May-28-2024"]
[Site "Chess.com"]
[Date "2024.05.28"]
[Round "6"]
[White "ReadySkate"]
[Black "Valiyev_Shahin"]
[Result "0-1"]
[WhiteElo "2712"]
[BlackElo "2550"]
[TimeControl "180+1"]
[EndTime "15:06:52 PDT"]
[Termination "Valiyev_Shahin won by resignation"]

1. d4 d5 2. c4 e6 3. Nc3 Be7 4. cxd5 exd5 5. Bf4 c6 6. e3 Bf5 7. h3 Nd7 8. g4 Be6 9. Nf3 g5 10. Bg3 h5 11. gxh5 Rxh5 12. Ne5 Rh8 13. Qc2 Ngf6 14.
O-O-O Qa5 15. h4 gxh4 16. Rxh4 Rxh4 17. Bxh4 Nxe5 18. dxe5 Ne4 19. Nxe4 dxe4 20. Bxe7 Kxe7 21. Qxe4 Rh8 22. Qd4 Bd5 23. Bc4 Rd8 24. Qh4+ Ke8 25. Qh8+ Ke7 26. Qf6+ Ke8 27. Rg1 Bxc4 28. Rg8+ Kd7 29.
Qd6+ Kc8 30. Rf8 Be6 31. b4 Qa3+ 32. Kd1 Bg4+ 33. f3 Bxf3+ 34. Kd2 Qxa2+ 35. Kc3 Qa1+ 36. Kc4 Qc1+ 37. Kb3 Qd1+ 0-1

[Event "Late-Titled-Tuesday-Blitz-May-28-2024"]
[Site "Chess.com"]
[Date "2024.05.28"]
[Round "6"]
[White "rionelG"]
[Black "Juliana_Figueira"]
[Result "1-0"]
[WhiteElo "2300"]
[BlackElo "1986"]
[TimeControl "180+1"]
[EndTime "15:06:53 PDT"]
[Termination "rionelG won on time"]

1. d4 Nf6 2. c4 e6 3. Nc3 Bb4 4. a3 Bxc3+ 5. bxc3 d5 6. cxd5 exd5 7. Bf4 Bf5 8. Qb3 Qc8 9. h3 O-O 10. e3 c6 11. Nf3 Nbd7 12. Be2 Nb6 13. O-O Ne4 14.
a4 Nd7 15. a5 b6 16. Rfc1 Qb7 17. c4 Nef6 18. Ne5 Nxe5 19. dxe5 Ne4 20. cxd5 cxd5 21.
axb6 axb6 22. Rxa8 Rxa8 23. e6 Bxe6 24. Rc7 Qa6 25.
Bxa6 Rxa6 26. Qc2 h6 27. f3 Ra1+ 28. Kh2 Nf6 29. Be5 Nh5 30. Bxa1 b5 31. Qb2 Nf6 32. Qxb5 Kh7 33. Bxf6 d4 34. Bxd4 f6 35. Qb7 1-0

[Event "Late-Titled-Tuesday-Blitz-May-28-2024"]
[Site "Chess.com"]
[Date "2024.05.28"]
[Round "6"]
[White "hansen"]
[Black "Aygehovit1992"]
[Result "1-0"]
[WhiteElo "3055"]
[BlackElo "2819"]
[TimeControl "180+1"]
[EndTime "15:06:54 PDT"]
[Termination "hansen won by resignation"]

1. e4 c5 2. Nf3 e6 3. d4 cxd4 4. Nxd4 Nc6 5. Nc3 Qc7 6. Be3 a6 7. Qd2 Nf6 8. O-O-O Be7 9. f3 b5 10. Kb1 Bb7 11. Qf2 Rc8 12. Nb3 Ne5 13. Bb6 Qb8 14.
Ba7 Qc7 15. Bb6 Qb8 16. Na5 O-O 17. Nxb7 Qxb7 18. Bd4 Nc4 19. e5 Ne8 20. Bd3 f5 21.
exf6 Bxf6 22. Rhe1 Bxd4 23. Qxd4 Nf6 24. Ne4 d5 25.
Nxf6+ Rxf6 26. f4 Qb6 27. Qxb6 Nxb6 28. g3 Kf7 29. Re2 Nd7 30. c3 Nc5 31. Bc2 h6 32. h4 a5 33. h5 Rb8 34. Bg6+ Ke7 35. Rxd5 Na4 36. Rde5 Kd6 37. Rd2+ Ke7 38. Bc2 Nb6 39.
Rxb5 Rff8 40. Re2 Nc4 41. Rxb8 Rxb8 42. Bb3 Nd6 43. Rxe6+ Kd7 44. Rg6 Nf5 45. Be6+ 1-0

[Event "Late-Titled-Tuesday-Blitz-May-28-2024"]
[Site "Chess.com"]
[Date "2024.05.28"]
[Round "6"]
[White "attack2mateU"]
[Black "manitodeplomo"]
[Result "1-0"]
[WhiteElo "2691"]
[BlackElo "2524"]
[TimeControl "180+1"]
[EndTime "15:06:54 PDT"]
[Termination "attack2mateU won by checkmate"]

1. e4 Nf6 2. e5 Nd5 3. d4 d6 4. c4 Nb6 5. f4 dxe5 6. fxe5 Bf5 7. Nc3 e6 8. Nf3 Bb4 9. Bd3 Bxd3 10. Qxd3 c5 11.
d5 exd5 12. Bg5 Qd7 13. cxd5 Qxd5 14. Qxd5 Nxd5 15. O-O-O Ne7 16. Nb5 Na6 17. Nd6+ Kf8 18. Rhf1 h6 19. Bxe7+ Kxe7 20. Nh4 c4 21. Rxf7+ Ke6 22.
Rxb7 Rhb8 23. Rxg7 c3 24. Rg6+ Kxe5 25. Nf3+ Kf4 26. Rf6+ Ke3 27. Nc4+ Kf2 28. Nh4+ Ke2 29. Re6+ Kf2 30. Rf6+ Ke2 31. bxc3 Bxc3 32. Rf3 Nb4 33. Re3+ Kf2 34. Rf3+ Ke2 35. Rdf1 Nxa2+ 36. Kc2 Nb4+ 37. Kxc3 Nd5+ 38. Kd4 Nb4 39. R3f2# 1-0

[Event "Late-Titled-Tuesday-Blitz-May-28-2024"]
[Site "Chess.com"]
[Date "2024.05.28"]
[Round "6"]
[White "Itay121"]
[Black "Byniolus"]
[Result "0-1"]
[WhiteElo "2537"]
[BlackElo "2735"]
[TimeControl "180+1"]
[EndTime "15:06:57 PDT"]
[Termination "Byniolus won by checkmate"]

1. Nf3 d5 2. d4 Bf5 3. c4 e6 4.
Nc3 c6 5. Bf4 Qb6 6. Qb3 dxc4 7.
Qxb6 axb6 8. e4 Bg6 9. Bxc4 Nf6 10. Bd3 Nbd7 11. Nh4 b5 12. Nxg6 hxg6 13. O-O Be7 14.
d5 e5 15. Bg5 O-O 16. a3 Nxd5 17.
exd5 Bxg5 18. dxc6 bxc6 19. Be4 Rac8 20. Rad1 Nc5 21.
Bc2 Be7 22. Ne4 Ne6 23. Rd2 Rfd8 24. Rfd1 Nd4 25. Bb1 f5 26. Nc3 Kf8 27. Kf1 c5 28. Ne2 Bf6 29. Nxd4 exd4 30. Re2 c4 31. Re6 d3 32.
Rb6 Bxb2 33. a4 c3 34. Rxb5 c2 35. Re1 c1=Q 36. Rxc1 Rxc1# 0-1

[Event "Late-Titled-Tuesday-Blitz-May-28-2024"]
[Site "Chess.com"]
[Date "2024.05.28"]
[Round "6"]
[White "GMG"]
[Black "Smoking_Crow"]
[Result "1-0"]
[WhiteElo "2813"]
[BlackElo "2575"]
[TimeControl "180+1"]
[EndTime "15:06:59 PDT"]
[Termination "GMG won by checkmate"]

1. d4 Nf6 2. c4 e6 3. Nf3 d5 4.
Nc3 Be7 5. g3 dxc4 6. Bg2 O-O 7.
Ne5 Nc6 8. Bxc6 bxc6 9. Nxc6 Qe8 10. Nxe7+ Qxe7 11. Qa4 e5 12. dxe5 Qxe5 13. Qxc4 Bh3 14. Bf4 Qa5 15. f3 Rfe8 16. O-O-O Be6 17. Qxc7 Qb4 18. Bd6 Qc4 19. Qxc4 Bxc4 20. Rd2 a5 21. b3 Ba6 22. Kb2 h6 23. e4 Nh7 24. h4 Nf6 25. g4 Rec8 26. Be5 Ne8 27. Nd5 Ra7 28. g5 h5 29. Rc1 Rca8 30. Rdc2 a4 31. b4 a3+ 32. Ka1 Rd8 33. Rc3 Bb7 34. Ne7+ Kh8 35. Nf5 Kg8 36. Bd4 Ra4 37. Bc5 f6 38. b5 Kf7 39.
Bxa3 Rda8 40. Kb2 fxg5 41. hxg5 g6 42. Ne3 h4 43. Rh1 Rd8 44. Rxh4 Ke6 45. Kb3 Ra5 46.
Bb4 Raa8 47. a4 Rd7 48. Rh6 Kf7 49. Ng4 Kg7 50. Rxg6+ Kh7 51. Ne5 Rd1 52. f4 Rb1+ 53. Ka2 Bxe4 54. Rh3# 1-0

[Event "Late-Titled-Tuesday-Blitz-May-28-2024"]
[Site "Chess.com"]
[Date "2024.05.28"]
[Round "6"]
[White "NeverGiveUppp"]
[Black "vi_pranav"]
[Result "0-1"]
[WhiteElo "2598"]
[BlackElo "3033"]
[TimeControl "180+1"]
[EndTime "15:07:01 PDT"]
[Termination "vi_pranav won by resignation"]

1. e4 e5 2. Nf3 Nc6 3. Nc3 Nf6 4.
Bb5 Bb4 5. O-O O-O 6. d3 d6 7. Bg5 Bxc3 8. bxc3 Qe7 9. Re1 Nd8 10. d4 c6 11. Bf1 h6 12. Bc1 Re8 13. Ba3 Qc7 14. dxe5 dxe5 15. Qd6 Qa5 16. Bb4 Qa4 17. Bc4 Be6 18.
Bb3 Qa6 19. Nxe5 Rc8 20. Nd3 b6 21. f4 Nb7 22. Qe5 c5 23. Bxe6 Rxe6 24. Qf5 cxb4 25.
Nxb4 Qc4 26. e5 Nd5 27. Nxd5 Qxd5 28. Rad1 Qc6 29. Qg4 Rg6 30. Qh3 Nc5 31. f5 Rg5 32. e6 fxe6 33. fxe6 Re8 34. e7 Rd5 35. Rxd5 Qxd5 36.
Qh4 Ne6 37. c4 Qc5+ 38. Kh1 Rxe7 39. Qg4 Ng5 40. Rf1 Re4 41. Qc8+ Qxc8 0-1

[Event "Late-Titled-Tuesday-Blitz-May-28-2024"]
[Site "Chess.com"]
[Date "2024.05.28"]
[Round "6"]
[White "stollenmonster"]
[Black "DucksParadise"]
[Result "1-0"]
[WhiteElo "2846"]
[BlackElo "2561"]
[TimeControl "180+1"]
[EndTime "15:07:01 PDT"]
[Termination "stollenmonster won by checkmate"]

1. e4 a6 2. g3 c6 3. Bg2 d5 4. exd5 cxd5 5. d4 Nc6 6. c3 Nf6 7. Nf3 Bf5 8. O-O e6 9. Bf4 Be7 10. Re1 O-O 11. Nbd2 h6 12. h3 Bh7 13. Ne5 Nxe5 14.
Bxe5 Bd6 15. Nf3 Bxe5 16. Nxe5 Nd7 17. Qd2 Nxe5 18. Rxe5 Rc8 19. Rae1 Qd6 20. g4 b5 21.
f4 b4 22. f5 bxc3 23. bxc3 Kh8 24. fxe6 fxe6 25. Rxe6 Qg3 26. R6e3 Qd6 27. Re5 Qa3 28.
Bxd5 Rxc3 29. Re8 Rg3+ 30. Bg2 Bg6 31. Rxf8+ Qxf8 32. Qf2 Qd6 33. d5 Rd3 34. Re6 Rd1+ 35. Bf1 Qb4 36. Rxg6 Qe4 37. Qf8+ Kh7 38. Rxg7# 1-0

[Event "Late-Titled-Tuesday-Blitz-May-28-2024"]
[Site "Chess.com"]
[Date "2024.05.28"]
[Round "6"]
[White "katharinareinecke"]
[Black "jinxy2009"]
[Result "0-1"]
[WhiteElo "1946"]
[BlackElo "2297"]
[TimeControl "180+1"]
[EndTime "15:07:01 PDT"]
[Termination "jinxy2009 won by checkmate"]

1. d4 d5 2. Nf3 Nf6 3. g3 c5 4.
Bg2 Nc6 5. O-O cxd4 6. Nxd4 e5 7.
Nxc6 bxc6 8. c4 Be6 9. Nc3 Be7 10.
Bg5 d4 11. Bxc6+ Kf8 12. Bxf6 Bxf6 13. Nd5 Rc8 14. Nxf6 Rxc6 15. Ne4 Rxc4 16. b3 Rc8 17. Rc1 g6 18. Qd3 Kg7 19. Qb5 Qd5 20. Qxd5 Bxd5 21. Nd6 Rcd8 22. Nc4 Rhe8 23. Rfd1 h5 24. Kf1 Bb7 25.
Na5 Ba6 26. Rc7 d3 27. e3 Rc8 28. Rxa7 Ra8 29. Rxa8 Rxa8 30. Nc4 e4 31. f3 f5 32.
fxe4 fxe4 33. Nd6 Rf8+ 34. Kg2 Rf3 35. Nxe4 Rxe3 36. Nc5 Bb5 37. a4 Bc6+ 38. Kh3 Re2 39. Rxd3 Bg2+ 40. Kh4 Kh6 41. g4 g5+ 42. Kg3 h4# 0-1

[Event "Late-Titled-Tuesday-Blitz-May-28-2024"]
[Site "Chess.com"]
[Date "2024.05.28"]
[Round "6"]
[White "GiorgianBarbosa"]
[Black "laskakid"]
[Result "1-0"]
[WhiteElo "2515"]
[BlackElo "2351"]
[TimeControl "180+1"]
[EndTime "15:07:02 PDT"]
[Termination "GiorgianBarbosa won by resignation"]

1. c4 f5 2. g3 Nf6 3. Bg2 g6 4.
Nc3 Bg7 5. e3 d6 6. Nge2 O-O 7.
O-O a5 8. a3 e5 9. d3 c6 10. Rb1 Be6 11. b4 axb4 12. axb4 d5 13. cxd5 cxd5 14. d4 e4 15. h4 h6 16. Qb3 Bf7 17. Bd2 Nbd7 18. Na4 g5 19. hxg5 hxg5 20. Rfc1 Nb6 21. Nxb6 Qxb6 22. Rc5 Rad8 23. Nc3 Bh6 24.
b5 Qd6 25. Ne2 Bh5 26. Re1 Bxe2 27. Rxe2 f4 28. exf4 gxf4 29. gxf4 Bxf4 30. Bxf4 Qxf4 31. Qg3+ Qxg3 32. fxg3 Rd6 33. Bh3 Ra8 34. Bf5 Ra3 35. g4 Nxg4 36. Bxg4 Rd3 37. Rxd5 Rxd5 38. Be6+ Kg7 39.
Bxd5 Rxd4 40. Bxb7 Kf6 41. Rxe4 Rd1+ 42. Kf2 Rb1 43.
Bc6 Rb2+ 44. Ke3 Rb3+ 45. Kd4 Rb1 46. Kc5 Rc1+ 47. Kd6 Rd1+ 48. Kc7 1-0

[Event "Late-Titled-Tuesday-Blitz-May-28-2024"]
[Site "Chess.com"]
[Date "2024.05.28"]
[Round "6"]
[White "wonderfultime"]
[Black "Grischuk"]
[Result "1-0"]
[WhiteElo "3032"]
[BlackElo "3126"]
[TimeControl "180+1"]
[EndTime "15:07:03 PDT"]
[Termination "wonderfultime won by resignation"]

1. d4 Nf6 2. Nf3 c6 3. Bf4 Qb6 4. Qc1 d6 5. h3 h6 6. e3 g5 7. Bh2 Bg7 8. c4 c5 9. Nc3 cxd4 10. exd4 Bf5 11. Qd2 Ne4 12. Nxe4 Bxe4 13. Be2 Nc6 14.
O-O Nxd4 15. Nxd4 Qxd4 16. Qa5 Qxb2 17. Bg4 O-O 18. Qc7 f5 19. Bh5 Qf6 20. Rac1 Rfc8 21. Qa5 Rc5 22. Qa4 a6 23. Rfe1 Rac8 24. f3 Bc6 25.
Qb3 Kh8 26. Qe3 e5 27. Rcd1 Be8 28. Bxe8 Rxe8 29. Qd3 Rc6 30. Kh1 Rec8 31. Rb1 R8c7 32. Bg1 Qe6 33. Rec1 e4 34. fxe4 fxe4 35. Qe2 Rxc4 36.
Rxc4 Qxc4 37. Qh5 Qf7 38. Qg4 Qe6 39. Qxe6 1-0

[Event "Late-Titled-Tuesday-Blitz-May-28-2024"]
[Site "Chess.com"]
[Date "2024.05.28"]
[Round "6"]
[White "janhelmer03"]
[Black "Synctel"]
[Result "1-0"]
[WhiteElo "2386"]
[BlackElo "2071"]
[TimeControl "180+1"]
[EndTime "15:07:03 PDT"]
[Termination "janhelmer03 won by resignation"]

1. Nf3 d5 2. e3 Nf6 3. c4 e6 4.
Nc3 c6 5. b3 Nbd7 6. Bb2 Bd6 7.
d4 O-O 8. Bd3 Re8 9. O-O dxc4 10. bxc4 e5 11. Qc2 Qe7 12. Ng5 exd4 13. exd4 h6 14.
Nf3 Nf8 15. Rfe1 Qd8 16. Rxe8 Qxe8 17. Re1 Qd8 18. Ne5 Be6 19. f4 Bxe5 20. dxe5 Qd4+ 21. Kh1 Ng4 22. Ne4 Qb6 23. Qe2 Rd8 24. Bb1 h5 25. h3 Nh6 26. Nd6 g6 27. Kh2 h4 28. Ne4 Nf5 29. Nf6+ Kg7 30. Bxf5 Bxf5 31. e6 Nxe6 32. Nd5+ f6 33. Nxb6 axb6 34. Qf2 Nc5 35. Qxh4 Nd3 36. Qxf6+ Kh6 37. Qg5+ Kh7 38. Re7+ 1-0

[Event "Late-Titled-Tuesday-Blitz-May-28-2024"]
[Site "Chess.com"]
[Date "2024.05.28"]
[Round "6"]
[White "sergiochess83"]
[Black "HowTo2Draw"]
[Result "0-1"]
[WhiteElo "2858"]
[BlackElo "2597"]
[TimeControl "180+1"]
[EndTime "15:07:05 PDT"]
[Termination "HowTo2Draw won on time"]

1. d4 d5 2. c4 e6 3. Nc3 Nf6 4. cxd5 exd5 5. Bg5 Be7 6. e3 O-O 7. Bd3 h6 8. Bh4 c6 9. Qc2 Re8 10. Nge2 Nbd7 11. Bg3 Nb6 12. O-O-O Bd6 13. Bh4 Be7 14. f3 Nc4 15. Bxc4 dxc4 16. e4 b5 17. Kb1 Qa5 18.
a3 b4 19. axb4 Qxb4 20. d5 a5 21. Nd4 Nxd5 22. Nxd5 cxd5 23. Nc6 Qb7 24. Nxe7+ Rxe7 25. Bxe7 Qxe7 26. exd5 Qf6 27. Qc3 Bf5+ 28. Ka2 Qa6 29. Rd4 Bd3 30. Rd1 a4 31. d6 a3 32. bxa3 Qb6 33. d7 Rb8 34. d8=Q+ Rxd8 35. Rxd8+ Qxd8 36. Rd2 Qb6 37. Rb2 Qg1 38. h3 Qd1 39. Qb4 Bc2 40.
Qxc4 Bf5 0-1

[Event "Late-Titled-Tuesday-Blitz-May-28-2024"]
[Site "Chess.com"]
[Date "2024.05.28"]
[Round "6"]
[White "Abduzhaparov"]
[Black "dawid498"]
[Result "1-0"]
[WhiteElo "2503"]
[BlackElo "2664"]
[TimeControl "180+1"]
[EndTime "15:07:08 PDT"]
[Termination "Abduzhaparov won by resignation"]

1. Nf3 g6 2. c4 Bg7 3. Nc3 Nf6 4. e4 O-O 5. d4 d6 6. Be3 Na6 7. Be2 e5 8. d5 Nc5 9. Nd2 a5 10. g4 Ne8 11. h4 f5 12. gxf5 gxf5 13. h5 Kh8 14. h6 Bf6 15. Bxc5 dxc5 16. exf5 Bxf5 17. Nde4 Nd6 18. Bd3 Nxe4 19. Bxe4 Bh4 20. Qh5 Bxf2+ 21. Ke2 Qf6 22. Raf1 Bg6 23. Qg4 a4 24. Rh2 Qf4 25.
Qxf4 Rxf4 26. Bxg6 hxg6 27. Rhxf2 Rxc4 28. a3 Rh4 29. Rf8+ Rxf8 30. Rxf8+ Kh7 31. Rf7+ Kxh6 32. Rxc7 Rh2+ 33.
Ke3 Rxb2 34. d6 Rb3 35. d7 Rxc3+ 36. Kd2 Rc4 37. d8=Q Rd4+ 38. Qxd4 cxd4 39. Rxb7 Kg5 40. Rb4 Kf4 41. Rxa4 g5 42. Ra8 g4 43. a4 g3 44. a5 e4 45. Rf8+ Ke5 46. a6 g2 47.
Rg8 d3 48. a7 Kd4 49. Rxg2 e3+ 50. Kd1 Kc3 51. a8=Q 1-0

[Event "Late-Titled-Tuesday-Blitz-May-28-2024"]
[Site "Chess.com"]
[Date "2024.05.28"]
[Round "6"]
[White "Dolphin_2010"]
[Black "baki83"]
[Result "1-0"]
[WhiteElo "2761"]
[BlackElo "2918"]
[TimeControl "180+1"]
[EndTime "15:07:09 PDT"]
[Termination "Dolphin_2010 won by checkmate"]

1. d4 Nf6 2. Bg5 Ne4 3. Bf4 d5 4. Nd2 Nd6 5. e3 Bf5 6. Ngf3 e6 7. c4 c6 8. a3 Be7 9. c5 Ne4 10. Nxe4 Bxe4 11. Nd2 Bg6 12. b4 O-O 13. Be2 Nd7 14. O-O Re8 15. Bg3 a5 16. b5 e5 17. Nf3 exd4 18. exd4 Bf6 19. Re1 Be4 20. Bf1 Bxf3 21. Rxe8+ Qxe8 22. gxf3 Nf8 23. Qa4 Ne6 24. Rd1 h5 25.
Bd6 g6 26. f4 Ng7 27. Bd3 Qd7 28. f3 Ne6 29. Kg2 Nxd4 30. bxc6 bxc6 31. Bb1 Nb5 32.
f5 Nc3 33. Qc2 Nxd1 34. Qxd1 g5 35. h4 Re8 36. hxg5 Bxg5 37. f4 Bf6 38. Qxh5 Bg7 39. f6 Bxf6 40. Qh7# 1-0

[Event "Late-Titled-Tuesday-Blitz-May-28-2024"]
[Site "Chess.com"]
[Date "2024.05.28"]
[Round "6"]
[White "RobertJFischer71"]
[Black "Romadk"]
[Result "1-0"]
[WhiteElo "2664"]
[BlackElo "2465"]
[TimeControl "180+1"]
[EndTime "15:07:09 PDT"]
[Termination "RobertJFischer71 won by checkmate"]

1. e4 Nf6 2. e5 Nd5 3. d4 d6 4.
Nf3 g6 5. Bc4 Nb6 6. Bb3 Bg7 7.
Ng5 e6 8. Qf3 Qe7 9. Ne4 dxe5 10. Bg5 Qb4+ 11. c3 Qa5 12. Bf6 O-O 13. Bxg7 Kxg7 14. Qf6+ Kg8 15. Qxe5 Qxe5 16. dxe5 Nc6 17. f4 Na5 18. Nbd2 Nxb3 19. axb3 Bd7 20. Ke2 Bc6 21.
Rhd1 Kg7 22. g3 a6 23. Nf6 Rfd8 24. Nf1 Nd5 25. Nxd5 Rxd5 26. Ne3 Rdd8 27. Ng4 h6 28. Nf6 h5 29. Ke3 Kf8 30. Rxd8+ Rxd8 31. Rg1 Ke7 32. h3 a5 33. g4 hxg4 34. hxg4 Rh8 35. Ra1 Rh3+ 36. Kd4 Rf3 37. Rxa5 Rxf4+ 38. Ke3 Rf3+ 39.
Ke2 Rh3 40. Ra8 Rh2+ 41. Kd3 Rxb2 42. Ng8+ Kd7 43. Rf8 Rf2 44. Nf6+ Ke7 45. Rc8 Rf3+ 46. Kc4 Bd5+ 47. Kb4 c6 48. Re8# 1-0

[Event "Late-Titled-Tuesday-Blitz-May-28-2024"]
[Site "Chess.com"]
[Date "2024.05.28"]
[Round "6"]
[White "Stanbad1"]
[Black "ckgchess"]
[Result "0-1"]
[WhiteElo "2678"]
[BlackElo "2879"]
[TimeControl "180+1"]
[EndTime "15:07:10 PDT"]
[Termination "ckgchess won by resignation"]

1. d4 Nf6 2. Nc3 g6 3. e4 d6 4.
Be3 Bg7 5. f3 a6 6. Qd2 b5 7.
O-O-O Nbd7 8. Nh3 Bb7 9. Nf2 Rc8 10. Kb1 c5 11. dxc5 Nxc5 12. e5 Nfd7 13. exd6 O-O 14.
Nce4 Nxe4 15. Nxe4 Bxe4 16. fxe4 Nf6 17. e5 Ng4 18. Bg5 f6 19. exf6 Bxf6 20. Bxf6 Rxf6 21. dxe7 Qxe7 22. Bd3 Nf2 23. Rhe1 Qc7 24. Rc1 Qxh2 25. Re7 Qf4 26. Qe2 Qd6 27. Re8+ Rxe8 28. Qxe8+ Kg7 29. Be2 Re6 30. Qc8 Rxe2 31. a4 bxa4 32. Rf1 Qe5 33. Qb7+ Kh6 34. Ka2 Rxc2 35. Qb4 Qd5+ 36. Ka1 Qc4 37.
Qxc4 Rxc4 38. Rxf2 Kg5 39. Rf7 h5 40. Ka2 Rc2 41.
g3 Rg2 42. Rf3 Kg4 43. Rf6 g5 44. Rxa6 Kxg3 45. Rxa4 h4 46. Re4 h3 0-1

[Event "Late-Titled-Tuesday-Blitz-May-28-2024"]
[Site "Chess.com"]
[Date "2024.05.28"]
[Round "6"]
[White "Alphafischer2019"]
[Black "FuenfgegenWilly"]
[Result "0-1"]
[WhiteElo "2650"]
[BlackElo "2483"]
[TimeControl "180+1"]
[EndTime "15:07:12 PDT"]
[Termination "FuenfgegenWilly won by resignation"]

1. Nf3 f5 2. d4 Nf6 3. Bf4 e6 4.
e3 b6 5. Nbd2 Bb7 6. Bd3 Be7 7.
O-O O-O 8. Re1 Ne4 9. h3 d6 10.
Bh2 Nd7 11. c4 Ndf6 12. Qc2 c5 13. Rad1 Qe8 14. d5 exd5 15. cxd5 Bxd5 16. Bc4 Bxc4 17. Nxc4 d5 18. Nce5 Rd8 19. Qb3 Kh8 20. Qa3 a5 21. Qb3 b5 22. Qa3 a4 23. b3 Ra8 24. bxa4 Rxa4 25.
Qb2 b4 26. Nd3 Nc3 27. Ra1 Nfe4 28. a3 bxa3 29. Qb7 a2 30. Be5 c4 31. Nf4 Rb4 32. Qa7 Rf7 33. Qd4 Bc5 34. Qxc3 Nxc3 35. Bxc3 Rb3 36. Be5 Ra7 37. Nxd5 Qb5 38. Nc3 Qb7 39. Nd2 Rb2 40. Nxc4 Rc2 41. Nd6 Bxd6 42. Bxd6 Rxc3 43.
Be5 Rb3 44. Red1 Rb1 45. Kh2 Rxd1 46. Rxd1 h6 47. Rd8+ Kh7 48. Ba1 Qc7+ 0-1

[Event "Late-Titled-Tuesday-Blitz-May-28-2024"]
[Site "Chess.com"]
[Date "2024.05.28"]
[Round "6"]
[White "ChessLebaneseSalah"]
[Black "GothamChess"]
[Result "0-1"]
[WhiteElo "2553"]
[BlackElo "2798"]
[TimeControl "180+1"]
[EndTime "15:07:13 PDT"]
[Termination "GothamChess won by resignation"]

1. e4 e6 2. d4 d5 3. e5 c5 4.
c3 Ne7 5. Nf3 Nec6 6. Be2 Be7 7.
O-O b6 8. Be3 a5 9. Nbd2 a4 10.
Rc1 a3 11. b3 Ba6 12. Re1 O-O 13. g3 Qd7 14. Nb1 Qa7 15. Kg2 Nd7 16. h4 Rfc8 17. c4 dxc4 18. d5 Ncxe5 19. dxe6 fxe6 20. bxc4 Bb7 21.
Kg1 Qa4 22. Qxa4 Rxa4 23. Nxe5 Nxe5 24. Rc3 Rca8 25. Bf4 Bf6 26. Bc1 Nc6 27. Re3 Nd4 28. Nxa3 e5 29. Bd1 Rb4 30. Kh2 h6 31. Kh3 e4 32.
Rxe4 Bxe4 33. Rxe4 Kf7 34. Bh5+ g6 35. Bd1 Re8 36.
Rxe8 Kxe8 37. Bxh6 Rb2 38. Be3 Rxa2 39. Bxd4 cxd4 40. Nb5 Rxf2 41. h5 gxh5 42. Bxh5+ Kf8 43. Bg6 Kg7 44. Be4 Re2 45. Bf5 Re5 46. Bd3 Re3 47. Bf5 d3 48. Kg2 d2 49. Bc2 Re1 50. Nd6 d1=Q 51.
Bxd1 Rxd1 52. Nc8 Bd4 53. Nd6 Kg8 54. Kf3 Bc5 55. Ne4 Rd4 56. Nf6+ Kf7 57. Nd7 Rxd7 0-1

[Event "Late-Titled-Tuesday-Blitz-May-28-2024"]
[Site "Chess.com"]
[Date "2024.05.28"]
[Round "6"]
[White "David_ATM"]
[Black "luca_va99"]
[Result "1-0"]
[WhiteElo "2413"]
[BlackElo "2169"]
[TimeControl "180+1"]
[EndTime "15:07:13 PDT"]
[Termination "David_ATM won on time"]

1. e4 d5 2. exd5 Qxd5 3. Qf3 Qxf3 4. Nxf3 Nf6 5. Bc4 Nc6 6. d4 Bg4 7. c3 Bxf3 8. gxf3 e6 9. Nd2 O-O-O 10. Ne4 Be7 11.
Rg1 g6 12. a4 Nd5 13. a5 a6 14. b4 f5 15. Bxd5 exd5 16. Ng3 Rde8 17. Kd1 Bd6 18. Bd2 h5 19. f4 g5 20. fxg5 h4 21. Nxf5 Bxh2 22.
Rh1 Ref8 23. Rxh2 Rxf5 24. f4 Nd8 25. Kc2 Ne6 26. Rah1 Rhf8 27. Rxh4 Nxf4 28. Bxf4 Rxf4 29. Rxf4 Rxf4 30. Rg1 Rf7 31. g6 Rg7 32. Kd3 Kd7 33.
Ke3 Ke6 34. Kf4 Kf6 35. Rg5 c6 36. Rf5+ Ke6 37. Kg5 Rg8 38. Re5+ Kd6 39. Kh6 Rh8+ 40. Kg7 Rh3 41. Kf7 Rf3+ 42. Kg8 Rxc3 43. g7 Rf3 44. Rg5 Ke7 45. Kh7 Rh3+ 46. Kg6 1-0

[Event "Late-Titled-Tuesday-Blitz-May-28-2024"]
[Site "Chess.com"]
[Date "2024.05.28"]
[Round "6"]
[White "AradNazari"]
[Black "artin10862"]
[Result "0-1"]
[WhiteElo "2791"]
[BlackElo "3022"]
[TimeControl "180+1"]
[EndTime "15:07:15 PDT"]
[Termination "artin10862 won by checkmate"]

1. e4 a5 2. Nf3 a4 3. d4 e6 4. c4 d5 5. Nc3 Bb4 6. e5 a3 7. Qb3 axb2 8. Bxb2 Nc6 9. c5 Nge7 10. Bb5 O-O 11. O-O Ba5 12. Ne2 Bd7 13. a4 Nf5 14. Bd3 Nfe7 15. Bc1 Nb4 16. Bb1 h6 17. Ng3 b6 18.
cxb6 Rb8 19. Bxh6 gxh6 20. Qe3 Nf5 21. Bxf5 exf5 22. bxc7 Bxc7 23. Nh5 Rb6 24. Rab1 Re8 25. Rxb4 Rg6 26. Rb7 Bc6 27. Ra7 Bb6 28. Ra6 Bb7 29. Rxb6 Qxb6 30. Qf4 Bc8 31. Nh4 Rg5 32. Nf6+ Kf8 33.
Nf3 Rg6 34. Nxe8 Kxe8 35. h4 Rg4 36. Qd2 f4 37. Kh2 Bf5 38. Rg1 Be4 39. Ne1 Rxh4# 0-1

[Event "Late-Titled-Tuesday-Blitz-May-28-2024"]
[Site "Chess.com"]
[Date "2024.05.28"]
[Round "6"]
[White "yobdc"]
[Black "GianmarcoVaR"]
[Result "1-0"]
[WhiteElo "2547"]
[BlackElo "2705"]
[TimeControl "180+1"]
[EndTime "15:07:19 PDT"]
[Termination "yobdc won by resignation"]

1. e4 c5 2. Nf3 d6 3. d4 cxd4 4. Nxd4 Nf6 5. Bc4 e6 6. Bd3 Nc6 7. Nxc6 bxc6 8. O-O Be7 9. b3 O-O 10. Bb2 e5 11. Nd2 Be6 12. Qe2 Qc7 13. f4 exf4 14. Rxf4 Nd7 15. Raf1 Ne5 16. Nc4 a5 17. a4 Bg5 18.
R4f2 Bg4 19. Qe1 Bh4 20. g3 Bg5 21. h4 Bh6 22. Nxe5 dxe5 23. Bc4 Be6 24. Bxe6 fxe6 25. Rxf8+ Rxf8 26. Rxf8+ Kxf8 27. Qc3 Qd6 28. Qd3 Qc5+ 29. Kg2 Be3 30. Qd8+ Kf7 31. Qc7+ Kf6 32. c4 Bg1 33.
Kh3 Qe3 34. Qxe5+ Ke7 35. Qc7+ Ke8 36. Qxc6+ Ke7 37. Qc7+ Ke8 38. Qc8+ Ke7 39. Ba3+ Kf7 40. Qd7+ Kg6 41. Qxe6+ Kh5 42. Qg4+ Kh6 43. Qf4+ Qxf4 44. gxf4 Bc5 45. Bxc5 Kh5 46. Bb6 h6 47. c5 g6 48. c6 g5 49. hxg5 hxg5 50. fxg5 Kxg5 51. c7 1-0

[Event "Late-Titled-Tuesday-Blitz-May-28-2024"]
[Site "Chess.com"]
[Date "2024.05.28"]
[Round "6"]
[White "N_I_Chess"]
[Black "PNEPaul"]
[Result "1-0"]
[WhiteElo "2263"]
[BlackElo "1913"]
[TimeControl "180+1"]
[EndTime "15:07:19 PDT"]
[Termination "N_I_Chess won on time"]

1. d4 a6 2. c4 d6 3. Nc3 g6 4. e4 h6 5. f4 Bg7 6. Nf3 Nd7 7. Bd3 e6 8. Be3 Ne7 9. O-O O-O 10. Qd2 Kh7 11. Rae1 b6 12. h3 Bb7 13. d5 e5 14.
f5 Nf6 15. g4 g5 16. Re2 Rh8 17. a3 Kg8 18. Rh2 Nh7 19. h4 f6 20. Kg2 Qd7 21. Rfh1 Rf8 22. hxg5 Nxg5 23. b4 Kf7 24. Qe1 Ke8 25.
Nxg5 hxg5 26. Rxh8 Rxh8 27. Rxh8+ Bxh8 28. Qh1 Bg7 29. c5 bxc5 30. bxc5 c6 31. cxd6 Qxd6 32. Qb1 Bc8 33. Qb3 cxd5 34. exd5 Bf8 35. Bc4 Bxf5 36.
gxf5 Nxf5 37. Qa4+ Kf7 38. Bf2 e4 39. Nxe4 Qf4 40.
d6+ Kg7 41. Bd3 Nxd6 42. Qd7+ Kh8 43. Qh3+ Kg7 44. Nxd6 1-0